 Dungeon Crawl Stone Soup version 0.20.1-1-g8b1a95d (webtiles) character file.

107 tognito the Chopper (level 4, -3/39 HPs)
             Began as a Minotaur Berserker on July 5, 2017.
             Was a Believer of Trog.
             Killed from afar by an orc wizard (6 damage)
             ... with a magic dart
             ... on level 3 of the Dungeon.
             The game lasted 00:03:43 (1518 turns).

tognito the Chopper (Minotaur Berserker)            Turns: 1518, Time: 00:03:44

Health: -3/39      AC:  8    Str: 22 (23) XL:     4   Next: 57%
Magic:  3/3        EV: 10    Int:  2 (4)  God:    Trog [**....]
Gold:   97         SH:  0    Dex:  9      Spells: 3/3 levels left

rFire    . . .     SeeInvis .   a - +0 hand axe
rCold    . . .     Gourm    .   (no shield)
rNeg     . . .     Faith    +   g - +0 scale mail
rPois    .         Spirit   .   (helmet restricted)
rElec    .         Reflect  .   (no cloak)
rCorr    .         Harm     .   o - +1 pair of gloves
MR       .....                  (no boots)
Stlth    ..........             p - amulet of faith
Regen    0.2/turn               (no ring)
MPRegen  0.1/turn               (no ring)

@: confused, slowed, very slow
A: retaliatory headbutt, horns 2
a: Berserk, Trog's Hand, Burn Spellbooks, Renounce Religion


You were on level 3 of the Dungeon.
You worshipped Trog.
Trog was pleased with you.
You were not hungry.

You visited 1 branch of the dungeon, and saw 3 of its levels.

You collected 97 gold pieces.

Inventory:

Hand Weapons
 a - a +0 hand axe (weapon)
Missiles
 d - 46 arrows
 e - 34 bolts
Armour
 g - a +0 scale mail (worn)
 o - a +1 pair of gloves (worn)
Jewellery
 f - an uncursed amulet of regeneration
 p - an amulet of faith (around neck)
Scrolls
 b - 2 scrolls of fear {unknown}
 h - a scroll of noise {unknown}
 k - 2 scrolls of immolation {unknown}
 m - a scroll of identify {unknown}
 n - 2 scrolls of remove curse {unknown}
Comestibles
 c - 2 bread rations
 i - 2 meat rations
 j - 2 royal jellies
 l - 3 fruits
 q - a chunk of flesh


   Skills:
 - Level 3.6 Fighting
 + Level 6.5 Axes
 - Level 2.4 Armour
 - Level 2.1 Dodging


You had 3 spell levels left.
You didn't know any spells.

Dungeon Overview and Level Annotations

Branches:
Dungeon (3/15)

Altars:


Innate Abilities, Weirdness & Mutations

You reflexively headbutt those who attack you in melee.
You have a pair of horns on your head.


Message History

You are more confused.
You closely miss the orc wizard. Your headbutt misses the orc wizard.
The orc wizard is moderately wounded.
You completely miss something.
The orc wizard hits you but does no damage.
Something hits you but does no damage.
The orc wizard hits you but does no damage.
The orc wizard barely misses you.
You're too confused to move!
The orc wizard gestures wildly while chanting.
The orc wizard blinks!
Something hits you.
* * * LOW HITPOINT WARNING * * *
The orc wizard barely misses you. Something hits you.
* * * LOW HITPOINT WARNING * * *
You barely miss something. You barely miss the orc wizard.
The orc wizard gestures wildly while chanting.
The orc wizard blinks!
The orc wizard completely misses you.
The orc wizard gestures at you while chanting.
The magic dart hits you!
You die...

##### ##### ......###
#...# .$......# #...#
........#####.<.#########
.........{..............>
..$..o..@.......########.
.......).o......########.
.......................#.
.......†...##....#####.#.
.........§..##....# #.#.
.....###..........#####.#.
.......#......#.......#.#.
.......#......#...###.#.#.
.......#..........# #.#.#.


You could see 2 orc wizards.

Vanquished Creatures
  4 adders
  An ooze (D:2)
  A worm (D:2)
  3 dart slugs
  A leopard gecko (D:1)
  An orc (D:3)
  A ball python (D:2)
  3 bats
  2 giant cockroaches
  6 goblins
  8 hobgoblins
  6 jackals
  2 quokkas
  2 frilled lizards
  4 kobolds
  8 rats
53 creatures vanquished.

Notes
Turn   | Place    | Note
-------+----------+-------------------------------------------
     0 | D:1      | tognito the Minotaur Berserker began the quest for the Orb.
     0 | D:1      | Reached XP level 1. HP: 19/19 MP: 0/0
   141 | D:1      | Reached skill level 4 in Axes
   154 | D:1      | Reached XP level 2. HP: 24/26 MP: 1/1
   463 | D:1      | Reached skill level 5 in Axes
   613 | D:1      | Reached XP level 3. HP: 31/31 MP: 2/2
   642 | D:2      | Reached ** piety under Trog
  1080 | D:2      | Reached skill level 6 in Axes
  1080 | D:2      | Reached XP level 4. HP: 38/39 MP: 3/3
  1518 | D:3      | Killed from afar by an orc wizard

Skill      XL: |  1  2  3 |
---------------+----------+-----
Axes           | 4 5 6 |  6.5
Fighting       | |  3.6
Armour         | |  2.4
Dodging        | |  2.1

Action                   |  1- 3 |  4- 6 || total
-------------------------+-------+-------++-------
Melee: Hand axe          |    93 |    38 ||   131
       Headbutt          |     9 |     7 ||    16
  Use: Potion            |     4 |     2 ||     6
  Eat: Chunk             |       |     2 ||     2
Armor: Scale mail        |    35 |    44 ||    79
Dodge: Dodged            |    48 |    19 ||    67
